 Dungeon Crawl Stone Soup version 0.30.1-11-g7821555f0a (webtiles) character file.

Game seed: 13325745955783502151

242 Cheops the Conjurer (level 5, -9/28 HPs)
             Began as a Deep Elf Hedge Wizard on Dec 18, 2023.
             Killed from afar by a kobold (13 damage)
             ... with a puff of flame
             ... on level 3 of the Dungeon.
             The game lasted 00:13:09 (3671 turns).

Cheops the Conjurer (Deep Elf Hedge Wizard)         Turns: 3671, Time: 00:13:09

Health: -9/28      AC:  2    Str: 10    XL:     5   Next: 81%
Magic:  22/23      EV: 13    Int: 21    God:
Gold:   188        SH:  0    Dex: 14    Spells: 4/14 levels left

rFire   . . .        a - +7 dagger "Ityjeuch" {vamp, rN++ rCorr MP+9 Str+3}
rCold   . . .        (no shield)
rNeg    + + .        p - +0 robe
rPois   .            c - +0 hat
rElec   .            (no cloak)
rCorr   +            (no gloves)
SInv    +            (no boots)
Will    .....        (no amulet)
Stlth   +            n - +4 ring of slaying
HPRegen 0.24/turn    h - ring of see invisible
MPRegen 0.18/turn

%: no passive effects
@: very slow
A: no striking features
a: no special abilities


You were on level 3 of the Dungeon.
You visited 1 branch of the dungeon, and saw 3 of its levels.

You collected 188 gold pieces.

Inventory:

Hand Weapons
 a - the +7 dagger "Ityjeuch" (weapon) {vamp, rN++ rCorr MP+9 Str+3}
   (You found it on level 2 of the Dungeon)

   Str:       It affects your strength (+3).
   rN:        It greatly protects you from negative energy.
   MP:        It affects your magic capacity (+9).
   rCorr:     It protects you from acid and corrosion.
 b - a +0 dagger of freezing
Armour
 c - a +0 hat (worn)
 p - a +0 robe (worn)
Jewellery
 h - a ring of see invisible (right hand)
 n - a +4 ring of slaying (left hand)
Scrolls
 g - a scroll of enchant weapon
 i - a scroll of fear
 j - a scroll of enchant armour
 k - 2 scrolls of poison
 l - a scroll of silence
 m - a scroll of vulnerability {unknown}
 o - a scroll of teleportation
Potions
 d - a potion of magic
 e - 2 potions of curing
 f - a potion of heal wounds


   Skills:
 + Level 3.2 Dodging
 - Level 2.4 Stealth
 - Level 5.0 Spellcasting
 - Level 5.0 Conjurations
 - Level 2.0 Summonings
 - Level 1.1 Translocations
 - Level 1.0 Transmutations
 - Level 1.0 Air Magic
 - Level 1.0 Poison Magic


You had 4 spell levels left.
You knew the following spells:

 Your Spells              Type           Power      Damage    Failure   Level
a - Magic Dart            Conj           100%       1d8       1%          1
r - Cigotuvi's Dreadful   Necr/Pois/Air  16%        N/A       13%         2
s - Slow                  Hex            20%        N/A       11%         1
w - Wereblood             Tmut           9%         N/A       11%         2
B - Blink                 Tloc           18%        N/A       11%         2
I - Call Imp              Summ           26%        N/A       7%          2

Your spell library contained the following spells:

 Spells                   Type           Power      Damage    Failure   Level
 Beastly Appendage        Tmut           18%        N/A       7%          1
 Mephitic Cloud           Conj/Pois/Air  15%        N/A       13%         3
 Spider Form              Tmut/Pois      9%         N/A       22%         3
 Ignite Poison            Fire/Tmut/Pois 8%         N/A       26%         3
 Freezing Cloud           Conj/Ice/Air   6%         6-21      78%         5


Dungeon Overview and Level Annotations

Branches:
Dungeon (3/15)

Altars:

Shops:
D:2 *


Message History

Casting: Magic Dart (safe; 1% risk of failure)
Confirm with . or Enter, or press ? or * to list all spells.
You can't see any susceptible monsters within range! (Use Z to cast anyway.)
An endoplasm is nearby!
An endoplasm is nearby!
Casting: Magic Dart (safe; 1% risk of failure)
Confirm with . or Enter, or press ? or * to list all spells.
Aiming: Magic Dart (safe; 1% risk of failure)
Press: ? - help, Shift-Dir - straight line, f/p - endoplasm
Aim: an endoplasm (almost dead, 100% to hit)
The magic dart hits the endoplasm.
You kill the endoplasm!
Casting: Magic Dart (safe; 1% risk of failure)
Confirm with . or Enter, or press ? or * to list all spells.
You can't see any susceptible monsters within range! (Use Z to cast anyway.)
You see here a dart slug corpse.
You enter the shallow water.
Moving in this stuff is going to be slow.
There is a faded altar of an unknown god here.
You enter the shallow water.
Moving in this stuff is going to be slow.
A kobold comes into view.
It is wielding a +0 dagger and carrying a wand of flame (19).
The kobold shouts!
The kobold zaps a wand.
The puff of flame hits you!
* * * LOW HITPOINT WARNING * * *
You're standing in a cloud of steam!
You're standing in a cloud of steam!
You're standing in a cloud of steam!
You're standing in a cloud of steam!
Casting: Magic Dart (safe; 1% risk of failure)
Confirm with . or Enter, or press ? or * to list all spells.
Aiming: Magic Dart (safe; 1% risk of failure)
Press: ? - help, Shift-Dir - straight line, f - kobold
Aim: a kobold, wielding a +0 dagger and carrying a wand of flame (18) (100% to hit)
The magic dart hits the kobold.
The kobold is moderately wounded.
You are engulfed in a cloud of scalding steam.
* * * LOW HITPOINT WARNING * * *
The kobold zaps a wand.
The puff of flame hits you!
You die...

..[...##.#...####........
......##.#...# ##........
########.#...###........
.......................
.............##......#
.........~~...~......#######
..........####.........K..>.
......###~~8~#.~.....#####.##
..###.###.#.~~~#@ยง..........#
#.# ..# #..##.##~~~.#~~.######..#
#.# ..# ##....~#~..~.~......##..#
#.# ..# ##..~~#~.~~~'~.###.....#
#.#
#######+#~~~_.~~.'....####.####.#
#.........#~.~.~'~..........##.#
#.......~.#~~~~~#~.#.####.#.##.#
##........##..~.##..#.####....#.#
......###~#..####...#...........#


You could see a kobold.

Vanquished Creatures
  An ogre (D:2)
  Robin (D:2)
  5 adders (D:3)
  2 worms
  5 dart slugs
  7 endoplasms
  A giant cockroach (D:3)
  17 goblins
  3 hobgoblins
  8 jackals
  2 quokkas (D:3)
  8 ball pythons
  5 bats
  3 frilled lizards
  4 kobolds (D:1)
  7 rats
  A spectral kobold (D:3)
80 creatures vanquished.

Vanquished Creatures (collateral kills)
  A goblin (D:2)
  A hobgoblin (D:2)
2 creatures vanquished.

Grand Total: 82 creatures vanquished

Notes
Turn   | Place    | Note
-------+----------+-------------------------------------------
     0 | D:1      | Cheops the Deep Elf Hedge Wizard began the quest for the
                  | Orb.
     0 | D:1      | Reached XP level 1. HP: 10/10 MP: 7/7
   230 | D:1      | Reached XP level 2. HP: 15/15 MP: 3/9
   310 | D:1      | Learned a level 2 spell: Call Imp
  1301 | D:2      | Noticed Robin
  1445 | D:2      | Reached XP level 3. HP: 19/19 MP: 0/10
  1447 | D:2      | Learned a level 1 spell: Slow
  1450 | D:2      | Learned a level 2 spell: Blink
  1453 | D:2      | Learned a level 2 spell: Cigotuvi's Dreadful Rot
  1633 | D:2      | Killed Robin
  1801 | D:2      | Reached XP level 4. HP: 22/24 MP: 4/12
  1980 | D:2      | Identified the +7 dagger "Ityjeuch" {vamp, rN++ rCorr MP+9
                  | Str+3}
  2032 | D:2      | Noticed an ogre
  2133 | D:2      | Found Tan Juga's Assorted Antiques.
  2272 | D:2      | Killed an ogre
  2273 | D:2      | Reached skill level 5 in Conjurations
  2273 | D:2      | Reached skill level 1 in Air Magic
  2273 | D:2      | Reached skill level 1 in Poison Magic
  2273 | D:2      | Reached XP level 5. HP: 21/28 MP: 0/13
  2528 | D:2      | Learned a level 2 spell: Wereblood
  3103 | D:3      | Found a faded altar of an unknown god.
  3277 | D:3      | Reached skill level 5 in Spellcasting
  3277 | D:3      | Reached skill level 1 in Transmutations
  3671 | D:3      | Killed from afar by a kobold

Illustrated notes

Levels and vault maps discovered:
D:1:      zaba_arrival_water, layout_loops_cross
D:2:      layout_rooms, serial_shops, nicolae_shop_rolling_square, uniq_robin
D:3:      layout_basic, dreamdust_ecumenical_altar_drowned_temple

Skill      XL: |  1  2  3  4  5 |
---------------+----------------+-----
Conjurations   | 2 3 4 5 |  5.0
Summonings     | 2 |  2.0
Air Magic      | 1 |  1.0
Poison Magic   | 1 |  1.0
Spellcasting   | 5 |  5.0
Transmutations | 1 |  1.0
Dodging        | 3 |  3.2
Stealth        | |  2.4
Translocations | |  1.1

Action                     |  1- 3 |  4- 6 || total
---------------------------+-------+-------++-------
  Melee: Dagger            |    14 |       ||    14
   Cast: Magic Dart        |    98 |    92 ||   190
         Call Imp          |     2 |       ||     2
         Cigotuvi's Dreadf |       |     2 ||     2
    Use: Scroll            |       |     9 ||     9
 Armour: Robe              |    10 |       ||    10
  Dodge: Dodged            |    43 |     6 ||    49
